 Dungeon Crawl Stone Soup version 0.28-a0-43-g560ac104fe (webtiles) character file.

Game seed: 10721249293347097319

42 Gwenloh the Chopper (level 3, 0/30 HPs)
             Began as a Hill Orc Warper on July 28, 2021.
             Was a Follower of Uskayaw.
             Slain by a gnoll (8 damage)
             ... on level 1 of the Dungeon.
             The game lasted 00:04:08 (2078 turns).

Gwenloh the Chopper (Hill Orc Warper)               Turns: 2078, Time: 00:04:08

Health: 0/30       AC:  6    Str: 13    XL:     3   Next: 56%
Magic:  2/5        EV: 10    Int: 13    God:    Uskayaw [*.....]
Gold:   47         SH:  0    Dex: 11    Spells: 5/5 levels left

rFire   . . .      SeeInvis .   a - +0 hand axe
rCold   . . .      Faith    .   (no shield)
rNeg    . . .      Spirit   .   e - +0 ring mail
rPois   .          Reflect  .   (no helmet)
rElec   .          Harm     .   (no cloak)
rCorr   .          Rampage  .   (no gloves)
Will    .....                   j - +0 pair of boots
Stlth   +.........              (no amulet)
HPRegen 0.10/turn               (no ring)
MPRegen 0.09/turn               (no ring)

@: no status effects
A: no striking features
a: Renounce Religion, Stomp


You were on level 1 of the Dungeon.
You worshipped Uskayaw.
Uskayaw was noncommittal.
You visited 1 branch of the dungeon, and saw 2 of its levels.

You collected 47 gold pieces.

Inventory:

Hand Weapons
 a - a +0 hand axe (weapon)
Missiles
 d - 3 boomerangs of dispersal
 q - 40 stones (quivered)
Armour
 b - a +0 leather armour
 e - a +0 ring mail (worn)
 j - a +0 pair of boots (worn)
Wands
 o - a wand of paralysis (9)
Scrolls
 i - a scroll of fog {unknown}
 l - a scroll of silence {unknown}
 n - a scroll of teleportation {unknown}
 p - a scroll of magic mapping {unknown}
Potions
 f - a potion of curing {unknown}
 g - 2 potions of brilliance {unknown}
 h - a potion of haste {unknown}
 k - 2 potions of flight {unknown}
 m - a potion of degeneration {unknown}


   Skills:
 - Level 2.4 Fighting
 * Level 4.2 Axes
 - Level 0.8 Throwing
 + Level 2.1 Armour
 - Level 1.5 Dodging
 - Level 1.5 Spellcasting
 - Level 2.4 Translocations
 + Level 1.0 Evocations


You had 5 spell levels left.
You didn't know any spells.
Your spell library contained the following spells:

 Spells                   Type           Power      Damage    Failure   Level
 Blink                    Tloc           N/A        N/A       32%         2
 Gell's Gravitas          Tloc           3%         N/A       54%         3
 Lesser Beckoning         Tloc           3%         N/A       54%         3
 Teleport Other           Tloc           7%         N/A       54%         3
 Manifold Assault         Tloc           7%         N/A       99%         5


Dungeon Overview and Level Annotations

Branches:
Dungeon (2/15)

Altars:
Uskayaw


Message History

You see here a +0 robe.
There is a stone staircase leading down here.
You climb downwards.
There is a stone staircase leading up, spattered with blood here.
You start resting.
HP restored.
You climb upwards.
The gnoll misses you. The gnoll closely misses you.
There is a stone staircase leading down here.
Okay, then.
You hit the gnoll but do no damage. The gnoll hits you with a +0 flail.
You completely miss the gnoll. The gnoll barely misses you.
You hit the gnoll but do no damage. The gnoll barely misses you.
You hit the gnoll but do no damage. The gnoll hits you with a +0 flail!
You hit the gnoll.
The gnoll is moderately wounded.
The gnoll hits you with a +0 flail!
You can now stomp with the beat.
You stomp with the beat, sending a shockwave through the revellers around you!
The gnoll is severely wounded.
You can no longer stomp with the beat.
The gnoll barely misses you.
You can now stomp with the beat.
You completely miss the gnoll.
The gnoll is severely wounded.
The gnoll misses you.
You barely miss the gnoll.
The gnoll is severely wounded.
The gnoll hits you with a +0 flail.
* * * LOW HITPOINT WARNING * * *
You hit the gnoll.
The gnoll is severely wounded.
The gnoll closely misses you.
Unknown command.
You hit the gnoll.
The gnoll is severely wounded.
The gnoll barely misses you.
You barely miss the gnoll.
The gnoll is severely wounded.
The gnoll hits you with a +0 flail!
You die...

#.....# #.##..#.#.# #.#####
#.##.#...####### #.#
#.##......##.... #####.#######
#.#####.#.##.### #..)........#
#.# #.#.##.... ......#####.# #.#
#.#.##..## #.###.# ##.##
#.#####.#.##..# ..#
#.####.>.#####.............# #.#
#........[..@g..........##.##
#.########...#####..............#
...## ##.## ##.#####...##..#
....# #.# #.#......###..# ....#
#.# #.#............ ....# #.#
#.#.########### ...##
#.#######.#.###### #.##
##.##.....##..##..# ..#
###..##.##..##..##..#


You could see a gnoll.

Vanquished Creatures
  2 gnolls (D:2)
  A dart slug (D:2)
  A bat (D:2)
  An endoplasm (D:2)
  A giant cockroach (D:2)
  2 goblins
  3 hobgoblins
  A quokka (D:2)
  3 ball pythons
  A frilled lizard (D:1)
  3 kobolds (D:2)
  3 rats (D:1)
22 creatures vanquished.

Notes
Turn   | Place    | Note
-------+----------+-------------------------------------------
     0 | D:1      | Gwenloh the Hill Orc Warper began the quest for the Orb.
     0 | D:1      | Reached XP level 1. HP: 18/18 MP: 3/3
   110 | D:1      | Reached skill level 3 in Axes
   751 | D:2      | Reached XP level 2. HP: 21/25 MP: 4/4
   913 | D:2      | Found a faded altar of an unknown god.
   918 | D:2      | Became a worshipper of Uskayaw the Reveller
   918 | D:2      | Reached * piety under Uskayaw
  1247 | D:2      | Reached XP level 3. HP: 27/30 MP: 5/5
  1554 | D:2      | Reached skill level 4 in Axes
  1676 | D:2      | Reached ** piety under Uskayaw
  1683 | D:2      | Reached skill level 1 in Evocations
  2078 | D:1      | Slain by a gnoll

Illustrated notes

Levels and vault maps discovered:
D:1:      lightli_iron_boxes, layout_loops_ring, minmay_unequal
D:2:      layout_basic, chequers_ecumenical_altar_lobes, serial_shops, shop

Skill      XL: |  1  2  3 |
---------------+----------+-----
Axes           | 3 4 |  4.2
Armour         | 2 |  2.1
Evocations     | 1 |  1.0
Fighting       | |  2.4
Throwing       | |  0.8
Dodging        | |  1.5
Spellcasting   | |  1.5
Translocations | |  2.4

Action                   || total
-------------------------++-------
Melee: Hand axe          ||    70
Throw: Boomerang         ||     2
       Stone             ||    24
Invok: Stomp             ||     5
  Use: Scroll            ||     1
Armor: Ring mail         ||    22
Dodge: Dodged            ||    31

Table legend: (Time is in decaauts)
 A = Elapsed time spent in this place.
 B = Non-inter-level travel time spent in this place.
 C = Inter-level travel time spent in this place.
 D = Time resting spent in this place.
 E = Time spent auto-exploring this place.
 F = Levels seen in this place.
 G = Mean time per level.
                   A        B        C        D        E       F      G
               +--------+--------+--------+--------+--------+-----+--------+
         Total |   2089 |   2073 |     16 |    208 |   1501 |   2 | 1044.5 |
       Dungeon |   2089 |   2073 |     16 |    208 |   1501 |   2 | 1044.5 |
               +--------+--------+--------+--------+--------+-----+--------+

Top non-repeatable levels by time:
     D:2: 1263 daAuts
     D:1: 826 daAuts
